 Dungeon Crawl Stone Soup version 0.21-a0-444-g29a2fec (webtiles) character file.

16 slep the Slasher (level 2, -1/16 HPs)
             Began as a Vine Stalker Monk on Nov 17, 2017.
             Slain by a gnoll
             ... wielding a +0 club
              (4 damage)
             ... on level 1 of the Dungeon.
             The game lasted 00:01:50 (331 turns).

slep the Slasher (Vine Stalker Monk)                 Turns: 331, Time: 00:01:50

Health: -1/16      AC:  2    Str: 13    XL:     2   Next: 54%
Magic:  0/3        EV: 13    Int: 10    God:
Gold:   29         SH:  0    Dex: 16    Spells: 1/1 levels left

rFire    . . .     SeeInvis .   a - +0 falchion
rCold    . . .     Gourm    .   (no shield)
rNeg     . . .     Faith    .   b - +0 robe
rPois    .         Spirit   +   (no helmet)
rElec    .         Reflect  .   (no cloak)
rCorr    .         Harm     .   (no gloves)
MR       .....                  (no boots)
Stlth    ++........             (no amulet)
HPRegen  0.05/turn              (no ring)
MPRegen  0.08/turn              (no ring)

@: no status effects
A: fangs 2, magic shield, antimagic bite, no potion heal 3, rot immunity
a: no special abilities


You were on level 1 of the Dungeon.
You were not hungry.

You visited 1 branch of the dungeon, and saw 2 of its levels.

You collected 29 gold pieces.

Inventory:

Hand Weapons
 a - a +0 falchion (weapon)
Armour
 b - a +0 robe (worn)
Scrolls
 d - a scroll of enchant weapon {unknown}
 e - a scroll of blinking {unknown}
 f - a scroll of enchant armour {unknown}
Comestibles
 c - a bread ration


   Skills:
 + Level 2.9 Fighting
 + Level 3.0 Long Blades
 + Level 2.6 Dodging
 + Level 2.5 Stealth


You had one spell level left.
You didn't know any spells.

Dungeon Overview and Level Annotations

Branches:
Dungeon (2/15)

Altars:


Innate Abilities, Weirdness & Mutations

You have extremely sharp teeth.
When hurt, damage is shared between your health and your magic reserves.
Your bite disrupts and absorbs the magic of your enemies.
Potions cannot restore your health.
You are immune to rotting.


Message History

You now have 29 gold pieces (gained 9).
The gnoll misses you.
You slash the gnoll! You bite the gnoll. You drain its power.
The gnoll is severely wounded.
The gnoll hits you! The gnoll barely misses you.
The gnoll hits you with a club.
* * * LOW HITPOINT WARNING * * *
The gnoll closely misses you.
There is a stone staircase leading up here.
The gnoll hits you with a club.
* * * LOW HITPOINT WARNING * * *
You climb upwards.
There is a stone staircase leading down here.
You hit the gnoll.
The gnoll is almost dead.
The gnoll misses you.
You closely miss the gnoll.
The gnoll is almost dead.
The gnoll hits you with a club.
You die...

..## .. #.# ...## #.###
#.# #...## .... ## ##.#
##...## # ... .#.#.#
##...## .
#.##.###.##.##########
####...#
.......##.##......#.).#
......##
#.##..†#...........#.#
.....##
.##....†g)....####.#...#
..#.## .......@.####.#
#.##.## .##.# ###.###.##
#.# #.#...# .##.# # #.#
#.# #...#.. .##.##.# #.#
#.# ###...# ........ #.#
#.# #....## ##...#.. #.#
#.# #.##### ...#.# #.#
#...... .....# ..#
#..#### .(#### #†.#


You could see a gnoll.

Vanquished Creatures
  2 bats
  A giant cockroach (D:1)
  4 goblins (D:1)
  A hobgoblin (D:1)
  2 jackals (D:1)
  A ball python (D:1)
  A frilled lizard (D:1)
  3 rats
15 creatures vanquished.

Notes
Turn   | Place    | Note
-------+----------+-------------------------------------------
     0 | D:1      | slep the Vine Stalker Monk began the quest for the Orb.
     0 | D:1      | Reached XP level 1. HP: 11/11 MP: 2/2
   163 | D:1      | Reached XP level 2. HP: 16/16 MP: 3/3
   257 | D:1      | Reached skill level 3 in Long Blades
   331 | D:1      | Slain by a gnoll

Vault maps used:
D:1:      elethiomel_arrival_shortcut
D:2:      first_bread, kennysheep_generic_room_7

Skill      XL: |  1  2 |
---------------+-------+-----
Long Blades    | 3 |  3.0
Fighting       | |  2.9
Dodging        | |  2.6
Stealth        | |  2.5

Action                   || total
-------------------------++-------
Melee: Falchion          ||    35
       Bite              ||    11
 Stab: Sleeping          ||     2
Armor: Robe              ||     7
Dodge: Dodged            ||    33
       Rpst.: Falchion   ||    11

Table legend:
 A = Spawn XP
 B = Non-spawn XP
 C = Spawn XP percentage of total XP
 D = Spawn monster count
 E = Non-spawn monster count
 F = Spawn count percentage of total count
 G = Total turns spent on level
                    A         B        C        D         E        F      G
               +---------+---------+-------+---------+---------+-------+---------
         Total |       0 |      23 |   0.0 |       0 |      15 |   0.0 |   331
               +---------+---------+-------+---------+---------+-------+---------
           D:1 |       0 |      21 |   0.0 |       0 |      13 |   0.0 |   271
           D:2 |       0 |       2 |   0.0 |       0 |       2 |   0.0 |    60
               +---------+---------+-------+---------+---------+-------+---------
